 Dungeon Crawl Stone Soup version 0.32-a0-732-ga344392067 (webtiles) character file.

Game seed: 1868464856959565640

370 jasper the Trooper (level 6, -17/51 HPs)
             Began as a Demonspawn Shapeshifter on Mar 16, 2024.
             Killed from afar by Grinder the ynoxinul (39 damage)
             ... with an iron shot
             ... on level 3 of the Dungeon.
             The game lasted 00:06:35 (3049 turns).

jasper the Trooper (Demonspawn Shapeshifter)        Turns: 3049, Time: 00:06:36

Health: -17/51     AC:  8    Str: 17    XL:     6   Next: 42%
Magic:  6/6        EV:  8    Int: 10    God:
Gold:   87         SH:  0    Dex: 12    Spells: 5/5 levels left

rFire   . .          .
                       - Unarmed
rCold   . . .        (no shield)
rNeg    . . .        m - +0 scale mail
rPois   .            (helmet currently unavailable)
rElec   .            (cloak currently unavailable)
rCorr   .            (gloves currently unavailable)
SInv    .            (boots currently unavailable)
Will    .....        (no amulet) Stlth
                     (no ring)
HPRegen 0.28/turn    (no ring)
MPRegen 0.20/turn

%: no passive effects
@: beast-form, wreathed by umbra
A: beast (slay +1), icy blue scales 1, magic regeneration, foul shadow 1
a: Begin Untransformation


You were on level 3 of the Dungeon.
You were a hulking beast.
You visited 1 branch of the dungeon, and saw 3 of its levels.

You collected 87 gold pieces.

Inventory:

Hand Weapons
 n - a +1 hand axe of venom
Missiles
 e - 7 poisoned darts
 q - 31 stones (quivered)
Armour
 a - a +0 animal skin
 f - a +1 pair of boots
 h - a scarf of harm
 j - a +1 helmet
 m - a +0 scale mail (worn)
Talismans
 c - a beast talisman (active)
 d - a flux talisman
Wands
 b - a wand of polymorph (1)
Scrolls
 g - a scroll of fog
 i - 5 scrolls of identify
 k - a scroll of enchant weapon
 l - a scroll of poison
Potions
 r - 4 potions of degeneration


   Skills:
 - Level 5.2 Fighting
 - Level 1.7 Dodging
 + Level 4.6 Unarmed Combat
 - Level 2.6 Shapeshifting


You had 5 spell levels left.
You didn't know any spells.
Your spell library contained the following spells:

 Spells                   Type           Power      Damage    Failure   Level
 Sandblast                Erth           0%         2d4       80%         1
 Stone Arrow              Conj/Erth      0%         3d7       99%         3
 Brom's Barrelling Bould  Conj/Erth      0%         2d3       100%        4


Dungeon Overview and Level Annotations

Branches:
Dungeon (3/15)

Altars:

Shops:
D:1 ([*:

Annotations:
D:3 Grinder


Innate Abilities, Weirdness & Mutations

You are a hulking beast.
Your limbs bulge with bestial killing power. (Slay +1)
You are partially covered in icy blue scales. (AC +2)
You regenerate magic rapidly.
You are faintly shadowed, very rarely releasing foul flame when damaged in melee.


Message History

You hit Grinder but do no damage.
Grinder is severely wounded.
The ufetubus hits you but does no damage. x4
Grinder gestures.
You closely miss Grinder.
Grinder is heavily wounded.
The ufetubus barely misses you.
The ufetubus hits you but does no damage.
You hit Grinder but do no damage.
Grinder is heavily wounded.
The ufetubus closely misses you. The ufetubus completely misses you.
Grinder barely misses you. The ufetubus hits you.
The ufetubus hits you but does no damage.
You take 3 damage, and have 23/51 hp.
You punch Grinder!
Grinder is severely wounded.
Grinder barely misses you.
The ufetubus hits you but does no damage.
The ufetubus barely misses you.
You hit Grinder.
Grinder is almost dead.
The ufetubus hits you.
The ufetubus hits you but does no damage.
Grinder gestures.
You take 2 damage, and have 21/51 hp.
You hit Grinder.
Grinder is almost dead.
The ufetubus closely misses you.
The ufetubus hits you but does no damage.
Grinder hits you but does no damage. The ufetubus misses you.
The ufetubus barely misses you.
You hit Grinder. Your punch misses Grinder.
Grinder is almost dead.
The ufetubus hits you but does no damage.
The ufetubus barely misses you. Grinder gestures at you.
The iron shot hits you!!!
Ouch! That really hurt!
You die...
Grinder says, "Now the real fun starts!"

####.........##..............##
##.#..#.#####.....##.....##
#......# ##############
#......## #.......#
#.>...#.###### #..#..........#
#.###########5# #. .......#h#
..~....#3# ..~..~.#5#
..~..l.#5# ###_####'.#
~..~..g.### ~..~..~.# ...~....#
........#


You could see Grinder the ynoxinul and 3 ufetubi.

Vanquished Creatures
  Sigmund (D:3)
  An ogre (D:3)
  A hound (D:3)
  Robin (D:2)
  3 adders
  A dart slug (D:3)
  A ribbon worm (D:2)
  2 orcs (D:3)
  8 bats
  5 endoplasms
  A giant cockroach (D:1)
  11 goblins
  5 hobgoblins
  A quokka (D:2)
  5 ball pythons
  5 frilled lizards
  6 kobolds
  7 rats
65 creatures vanquished.

Vanquished Creatures (others)
  A goblin (D:2)
  A hobgoblin (D:3)
  A ball python (D:2)
3 creatures vanquished.

Grand Total: 68 creatures vanquished

Notes
Turn   | Place    | Note
-------+----------+-------------------------------------------
     0 | D:1      | jasper the Demonspawn Shapeshifter began the quest for the
                  | Orb.
     0 | D:1      | Reached XP level 1. HP: 15/15 MP: 1/1
    36 | D:1      | Found Ziesoneuf's Assorted Antiques.
    60 | D:1      | Found Getereuw's Antique Armour Emporium.
    66 | D:1      | Found Zuqeydyo's Weapon Emporium.
   363 | D:1      | Reached skill level 2 in Fighting
   373 | D:1      | Gained mutation: You are faintly shadowed, very rarely
                  | releasing foul flame when damaged in melee. [demonic
                  | ancestry]
   373 | D:1      | Reached XP level 2. HP: 13/22 MP: 2/2
  1158 | D:2      | Noticed Robin
  1169 | D:2      | Reached skill level 3 in Fighting
  1172 | D:2      | Gained mutation: You regenerate magic rapidly. [demonic
                  | ancestry]
  1172 | D:2      | Reached XP level 3. HP: 26/29 MP: 3/3
  1178 | D:2      | Killed Robin
  2259 | D:3      | Gained mutation: You are partially covered in icy blue
                  | scales. (AC +2) [demonic ancestry]
  2259 | D:3      | Reached XP level 4. HP: 35/37 MP: 4/4
  2271 | D:3      | Reached skill level 4 in Fighting
  2320 | D:3      | Noticed an ogre
  2338 | D:3      | Killed an ogre
  2339 | D:3      | Reached skill level 5 in Fighting
  2339 | D:3      | Reached XP level 5. HP: 6/44 MP: 5/5
  2738 | D:3      | Noticed Sigmund
  2766 | D:3      | Killed Sigmund
  2766 | D:3      | HP: 1/44 [goblin/+0 club (2)]
  2767 | D:3      | Reached XP level 6. HP: 1/51 MP: 6/6
  2773 | D:3      | HP: 2/51 [adder (1)]
  3011 | D:3      | Noticed Grinder
  3012 | D:3      | Found a faded altar of an unknown god.
  3028 | D:3      | Paralysed by Grinder for 4 turns
  3032 | D:3      | Grinder changed into Grinder the ynoxinul
  3032 | D:3      | Noticed Grinder
  3049 | D:3      | Killed from afar by Grinder the ynoxinul

Illustrated notes

Levels and vault maps discovered:
D:1:      dpeg_arrival_orchard, layout_basic, serial_shops,
          nicolae_shop_tiny_statue_garden, shop, shop_fountains, shop
D:2:      layout_basic, lemuel_flame_loot_1, uniq_robin
D:3:      layout_rooms, nicolae_overflow_crystal_walls,
          shapermc_ecumenical_altar_notcrosses, uniq_grinder, uniq_sigmund

Skill      XL: |  1  2  3  4  5 |
---------------+----------------+-----
Fighting       | 2 3 5 |  5.2
Unarmed Combat | 4 |  4.6
Dodging        | |  1.7
Shapeshifting  | |  2.6

Action                     |  1- 3 |  4- 6 || total
---------------------------+-------+-------++-------
  Melee: Unarmed           |   115 |    88 ||   203
         Punch             |     1 |     4 ||     5
  Evoke: Wand              |       |     1 ||     1
    Use: Potion            |     1 |     2 ||     3
         Scroll            |     9 |       ||     9
   Stab: Sleeping          |     1 |       ||     1
         Invisible         |       |     4 ||     4
 Armour: Animal skin       |    18 |       ||    18
         Scale mail        |    48 |    86 ||   134
         Skin              |    13 |       ||    13
  Dodge: Dodged            |    65 |    76 ||   141

Table legend: (Time is in decaauts)
 A = Elapsed time spent in this place.
 B = Non-inter-level travel time spent in this place.
 C = Inter-level travel time spent in this place.
 D = Time resting spent in this place.
 E = Time spent auto-exploring this place.
 F = Levels seen in this place.
 G = Mean time per level.
                   A        B        C        D        E       F      G
               +--------+--------+--------+--------+--------+-----+--------+
         Total |   3036 |   2913 |    123 |    148 |   2217 |   3 | 1012.0 |
       Dungeon |   3036 |   2913 |    123 |    148 |   2217 |   3 | 1012.0 |
               +--------+--------+--------+--------+--------+-----+--------+

Top non-repeatable levels by time:
     D:2: 1441 daAuts
     D:3: 809 daAuts
     D:1: 785 daAuts
